 Dungeon Crawl Stone Soup version 0.29-a0-982-gaed3a0c8d8 (webtiles) character file.

Game seed: 5280985590828463701

145 Newt the Insei (level 5, 0/33 HPs)
             Began as an Octopode Transmuter on Aug 1, 2022.
             Slain by Pargi (4 damage)
             ... on level 3 of the Dungeon.
             The game lasted 00:03:51 (2493 turns).

Newt the Insei (Octopode Transmuter)                Turns: 2493, Time: 00:03:52

Health: 0/33       AC:  1    Str: 11    XL:     5   Next: 27%
Magic:  6/8        EV: 13    Int: 16    God:
Gold:   101        SH:  0    Dex: 12    Spells: 5/8 levels left

rFire   . . .      SeeInvis .     - Unarmed
rCold   . . .      Faith    .   (no shield)
rNeg    . . .      Spirit   .   (helmet currently unavailable)
rPois   .          Reflect  .   (no amulet)
rElec   .          Harm     .   (no ring)
rCorr   .          Rampage  .   (no ring)
Will    .....                   (no ring)
Stlth   +++.......              (no ring)
HPRegen 0.11/turn               (no ring)
MPRegen 0.11/turn               (no ring)
                                (no ring)
                                (no ring)

@: appendages (expiring), wereblooded
A: tentacle spike 3, almost no armour, amphibious, 8 rings, camouflage 1,
gelatinous body 1, (nimble swimmer 1), tentacles
a: End Transformation


You were on level 3 of the Dungeon.
One of your tentacles had grown a beastly spike.
You visited 1 branch of the dungeon, and saw 3 of its levels.

You collected 101 gold pieces.

Inventory:

Missiles
 e - 3 atropa-tipped darts (quivered)
 i - 7 poisoned darts
 p - 4 javelins
Armour
 h - a +0 hat (melded)
Wands
 j - a wand of flame (8)
Scrolls
 b - 3 scrolls of identify {unknown}
 c - a scroll of acquirement {unknown}
 g - 4 scrolls of fear {unknown}
 k - a scroll of noise {unknown}
 l - a scroll of teleportation {unknown}
 q - a scroll of poison {unknown}
 s - a scroll of magic mapping {unknown}
Potions
 a - 2 potions of lignification
 d - 3 potions of heal wounds {unknown}
 f - a potion of flight {unknown}
 m - a potion of magic {unknown}
 n - a potion of attraction {unknown}
 o - a potion of brilliance {unknown}
 r - a potion of invisibility {unknown}


   Skills:
 + Level 1.1 Fighting
 * Level 1.7 Throwing
 + Level 2.5 Dodging
 + Level 2.4 Stealth
 + Level 4.2 Unarmed Combat
 + Level 2.3 Spellcasting
 + Level 2.4 Transmutations


You had 5 spell levels left.
You knew the following spells:

 Your Spells              Type           Power      Damage    Failure   Level
a - Beastly Appendage     Tmut           18%        N/A       8%          1
b - Wereblood             Tmut           9%         N/A       12%         2

Your spell library contained the following spells:

 Spells                   Type           Power      Damage    Failure   Level
 Spider Form              Tmut/Pois      5%         N/A       36%         3
 Call Canine Familiar     Summ           1%         N/A       52%         3
 Inner Flame              Hex/Fire       1%         N/A       52%         3
 Portal Projectile        Hex/Tloc       2%         N/A       52%         3
 Ice Form                 Ice/Tmut       5%         N/A       77%         4
 Cause Fear               Hex            0%         N/A       89%         4
 Leda's Liquefaction      Hex/Erth       0%         N/A       89%         4
 Discord                  Hex            0%         N/A       100%        8


Dungeon Overview and Level Annotations

Branches:
Dungeon (3/15)

Altars:

Annotations:
D:3 Pargi


Innate Abilities, Weirdness & Mutations

One of your tentacles has grown a beastly spike.
You cannot wear most types of armour.
You are amphibious.
You can wear up to eight rings at the same time.
Your skin changes colour to match your surroundings (Stealth+).
Your rubbery body absorbs attacks. (AC +1, EV +1)
((You are camouflaged when in or above water. (Stealth+)))
You have tentacles for arms and can constrict up to eight enemies at once.


Message History

Pargi is heavily wounded.
Pargi barely misses you. Pargi closely misses you. Pargi claws you.
You barely miss Pargi. Your squeeze misses Pargi.
Pargi is heavily wounded.
You barely miss Pargi.
Your tentacle spike misses Pargi.
You squeeze Pargi!
Pargi is severely wounded.
Pargi bites you. Pargi completely misses you. Pargi claws you.
You barely miss Pargi.
Your tentacle spike misses Pargi.
Pargi is severely wounded.
Pargi misses you. Pargi closely misses you. Pargi completely misses you.
You closely miss Pargi.
Your tentacle spike misses Pargi.
Pargi is severely wounded.
Pargi closely misses you. x2; Pargi claws you.
You tentacle-slap Pargi.
Pargi is severely wounded.
Your transformation is almost over.
Pargi looks around nervously.
Pargi completely misses you. Pargi claws you. Pargi barely misses you.
You closely miss Pargi. Your squeeze misses Pargi.
Pargi is severely wounded.
Pargi bites you.
* * * LOW HITPOINT WARNING * * *
Pargi claws you.
* * * LOW HITPOINT WARNING * * *
Pargi barely misses you.
Throw: 5 darts (atropa)
Press: ? - help, Q - select action, (/) - cycle Shift-Dir - straight line, f/p - Pargi
Aim: Pargi (severely wounded, 47% to hit, chance to blind on hit: 58%)
You throw an atropa-tipped dart.
The atropa-tipped dart barely misses Pargi.
Pargi closely misses you. Pargi misses you. Pargi claws you.
* * * LOW HITPOINT WARNING * * *
Throw: 4 darts (atropa)
Press: ? - help, Q - select action, (/) - cycle Shift-Dir - straight line, f/p - Pargi
Aim: Pargi (severely wounded, 47% to hit, chance to blind on hit: 51%)
You throw an atropa-tipped dart. The atropa-tipped dart hits Pargi.
Pargi resists.
Pargi is severely wounded.
Pargi closely misses you. Pargi claws you but does no damage. Pargi claws you.
You die...

##.#.#.## #.#
#.##.
#..#.##.###.#
#.##.
#..........#.
..##.
#.#..##.### #
####. ##.#.#
#. ##.###.#
#. #.## #.#
#. ##.## ##
#.######.
##@#
#........
##T#
######.#. .#
######.#. ..
#........ ...
....####.##
(.## # #...
### ####


You could see Pargi.

Vanquished Creatures
  A necrophage (D:3)
  3 adders
  A worm (D:2)
  3 dart slugs
  2 ball pythons
  8 bats
  6 endoplasms
  4 giant cockroaches
  7 goblins
  5 hobgoblins
  2 quokkas (D:2)
  A kobold (D:2)
  2 rats
45 creatures vanquished.

Vanquished Creatures (others)
  5 fungi (D:2)
  10 plants (D:2)
15 creatures vanquished.

Grand Total: 60 creatures vanquished

Notes
Turn   | Place    | Note
-------+----------+-------------------------------------------
     0 | D:1      | Newt the Octopode Transmuter began the quest for the Orb.
     0 | D:1      | Reached XP level 1. HP: 13/13 MP: 3/3
   168 | D:1      | Reached XP level 2. HP: 14/18 MP: 5/5
   171 | D:1      | Learned a level 2 spell: Wereblood
   777 | D:2      | Reached XP level 3. HP: 23/23 MP: 6/6
   818 | D:2      | Reached skill level 1 in Stealth
  1485 | D:2      | Found a faded altar of an unknown god.
  1493 | D:2      | Reached XP level 4. HP: 19/28 MP: 5/7
  2123 | D:3      | Reached skill level 1 in Throwing
  2288 | D:3      | Noticed a necrophage
  2294 | D:3      | Killed a necrophage
  2295 | D:3      | Reached skill level 4 in Unarmed Combat
  2295 | D:3      | Reached XP level 5. HP: 28/33 MP: 4/8
  2477 | D:3      | Noticed Pargi
  2493 | D:3      | Slain by Pargi

Illustrated notes

Levels and vault maps discovered:
D:1:      nzn_arrival_crosshair, layout_loops_ring
D:2:      layout_loops_ring, shapermc_ecumenical_altar_mp_urbaneastern,
          minmay_tree_intersection
D:3:      minmay_diamond_boxcup, layout_loops_ring, kennysheep_big_empty_room,
          uniq_pargi

Skill      XL: |  1  2  3  4 |
---------------+-------------+-----
Stealth        | 1 2 |  2.4
Throwing       | 1 |  1.7
Unarmed Combat | 4 |  4.2
Fighting       | |  1.1
Dodging        | |  2.5
Spellcasting   | |  2.3
Transmutations | |  2.4

Action                   |  1- 3 |  4- 6 || total
-------------------------+-------+-------++-------
Melee: Unarmed           |    71 |    38 ||   109
       Constrict         |    17 |     7 ||    24
       Tentacles         |    17 |     6 ||    23
       Punch             |     3 |     2 ||     5
       Kick              |     4 |     6 ||    10
Throw: Dart              |       |     6 ||     6
 Cast: Beastly Appendage |     2 |     3 ||     5
       Wereblood         |     1 |     2 ||     3
 Stab: Sleeping          |     9 |     1 ||    10
       Invisible         |       |     1 ||     1
Armor: Skin              |     6 |     2 ||     8
Dodge: Dodged            |    38 |    29 ||    67

Table legend: (Time is in decaauts)
 A = Elapsed time spent in this place.
 B = Non-inter-level travel time spent in this place.
 C = Inter-level travel time spent in this place.
 D = Time resting spent in this place.
 E = Time spent auto-exploring this place.
 F = Levels seen in this place.
 G = Mean time per level.
                   A        B        C        D        E       F      G
               +--------+--------+--------+--------+--------+-----+--------+
         Total |   2485 |   2394 |     91 |      0 |   2055 |   3 |  828.3 |
       Dungeon |   2485 |   2394 |     91 |      0 |   2055 |   3 |  828.3 |
               +--------+--------+--------+--------+--------+-----+--------+

Top non-repeatable levels by time:
     D:2: 1240 daAuts
     D:1: 755 daAuts
     D:3: 489 daAuts
